 Dungeon Sprint DCSS version 0.30-a0-469-g84de5afbc5 (webtiles) character file.

Game seed: 1371158955614578153

0 NinjaNoafa the Shooter (level 3, 0/34 HPs)
             Began as a Minotaur Hunter on Dec 19, 2022.
             Slain by a kobold brigand
             ... wielding a +0 club
              (8 damage)
             ... in the Dungeon (Sprint VI: "Thunderdome").
             The game lasted 00:01:57 (128 turns).

NinjaNoafa the Shooter (Minotaur Hunter)             Turns: 128, Time: 00:01:58

Health: 0/34       AC:  3    Str: 21    XL:     3   Next: 5%
Magic:  2/2        EV: 13    Int: 11    God:
Gold:   65         SH:  5    Dex: 18    Spells: 2/2 levels left

rFire   + . .      SeeInvis .    a - +0 shortbow
rCold   x . .      Faith    .    (shield currently unavailable)
rNeg    + . .      Spirit   .    c - +0 leather armour
rPois   +          Reflect  +    (helmet restricted)
rElec   +          Harm     .    (no cloak)
rCorr   .          Rampage  .    (no gloves)
Will    .....      NoTele   +    (no boots)
Stlth   +.........               p - amulet of Noef {Reflect Int+5 SH+5}
HPRegen 0.25/turn                n - ring "Fishi" {Fire Dex+3}
MPRegen 0.08/turn                o - ring "Zischerewn" {rElec rPois rN+ Str+6 Stlth-}

@: no status effects
A: horns 2, retaliatory headbutt
a: no special abilities


You were in the Dungeon.
You visited 1 branch You collected 200 gold pieces.
You spent 135 gold pieces at shops.

Inventory:

Hand Weapons
 a - a +0 shortbow (weapon)
Armour
 c - a +0 leather armour (worn)
Jewellery
 n - the ring "Fishi" (left hand) {Fire Dex+3}
   (You bought it in a shop in the Dungeon)

   [ring of fire]

   It enhances your fire magic.
   Dex:       It affects your dexterity (+3).
   rF:        It protects you from fire.
   rC:        It makes you vulnerable to cold.
 o - the ring "Zischerewn" (right hand) {rElec rPois rN+ Str+6 Stlth-}
   (You bought it in a shop in the Dungeon)

   [ring of strength]

   Str:       It affects your strength (+6).
   rElec:     It insulates you from electricity.
   rPois:     It protects you from poison.
   rN:        It protects you from negative energy.
   Stlth:     It makes you less stealthy.
 p - the amulet of Noef (around neck) {Reflect Int+5 SH+5}
   (You bought it in a shop in the Dungeon)

   [amulet of reflection]

   It reflects blocked missile attacks.
   Int:       It affects your intelligence (+5).
   SH:        It affects your SH (+5).
Wands
 d - a wand of charming (2)
 k - a wand of light (4)
 l - a wand of roots (4)
Scrolls
 b - a scroll of immolation
 i - 4 scrolls of blinking
 m - 3 scrolls of fog
Potions
 e - a potion of heal wounds
 f - 4 potions of haste
 g - 2 potions of magic
 h - a potion of berserk rage
 j - a potion of resistance


   Skills:
 + Level 4.3 Fighting
 - Level 5.5 Ranged Weapons
 + Level 3.9 Dodging
 - Level 2.7 Stealth


You had 2 spell levels left.
You didn't know any spells.
Your spell library was empty.

Dungeon Overview and Level Annotations

Branches:
Dungeon (1/1)

Altars:
Fedhas
Gozag
Makhleb
Okawaru
Qazlal
Sif Muna
Trog
Vehumet
Wu Jian
Xom
Yredelemnul
The Shining One
Lugonu

Shops:
D *[?**[(


Innate Abilities, Weirdness & Mutations

You have a pair of horns on your head.
You reflexively headbutt those who attack you in melee.


Message History

You shoot an arrow.
The arrow closely misses the kobold brigand.
The kobold brigand hits you with a +0 club.
You shoot an arrow.
The arrow barely misses the kobold brigand. 50...
The kobold brigand hits you with a +0 club!
You shoot an arrow.
The arrow hits the kobold brigand but does no damage.
The kobold brigand is heavily wounded.
The kobold brigand hits you with a +0 club.
You shoot an arrow.
The arrow hits the kobold brigand but does no damage.
The kobold brigand is heavily wounded.
The kobold brigand hits you with a +0 club!
The kobold brigand closely misses you.
You shoot an arrow.
The arrow closely misses the kobold brigand.
The kobold brigand misses you.
You shoot an arrow. The arrow hits the kobold brigand.
The kobold brigand is heavily wounded.
You block the kobold brigand's attack.
You shoot an arrow. The arrow hits the kobold brigand.
The kobold brigand is severely wounded.
The kobold brigand hits you with a +0 club.
You shoot an arrow.
The arrow closely misses the kobold brigand.
The kobold brigand hits you with a +0 club.
You block the kobold brigand's attack.
You shoot an arrow.
The arrow closely misses the kobold brigand.
The kobold brigand hits you with a +0 club.
You shoot an arrow.
The arrow barely misses the kobold brigand.
The kobold brigand hits you with a +0 club.
* * * LOW HITPOINT WARNING * * *
You shoot an arrow. The arrow hits the kobold brigand.
The kobold brigand is severely wounded.
The kobold brigand hits you with a +0 club!
You die...

..... _.... ###..... .###
#⌠...... ....⌠#
######.8..... ...8.#
##.___†.....# ......
###∩........8.# .8.. ...
##......K@.....###.. .....
#⌠..........###...# .....
#⌠..........# #.<.# .....
#⌠..........###...###.....
##.............###........
###∩........8.# #.8......
##∩__.......###......._
######.8)........8.###
#⌠.).........⌠#


You could see a kobold brigand.

Vanquished Creatures
  Ijyb (D)
  A goblin (D)
  3 hobgoblins (D)
5 creatures vanquished.

Notes
Turn   | Place    | Note
-------+----------+-------------------------------------------
     0 | D        | NinjaNoafa the Minotaur Hunter began the quest for the Orb.
     0 | D        | Reached XP level 1. HP: 18/18 MP: 0/0
     1 | D        | Found a basalt altar of Yredelemnul.
     2 | D        | Found a shimmering blue altar of Sif Muna.
     2 | D        | Found an ornate altar of the Wu Jian Council.
     3 | D        | Found a shimmering altar of Xom.
     3 | D        | Found a radiant altar of Vehumet.
     4 | D        | Found a blossoming altar of Fedhas.
     4 | D        | Found a burning altar of Makhleb.
     4 | D        | Found Anecs's Weapon Rack.
     4 | D        | Found Bixki's Premium Goods.
     5 | D        | Found Alobluid's Basic Armour.
     5 | D        | Found Sisuq's Miscellaneous Merchandise.
     5 | D        | Round 1.
    25 | D        | Found a stormy altar of Qazlal.
    26 | D        | Found an opulent altar of Gozag.
    27 | D        | Found Teveuq's Identification Station.
    28 | D        | Noticed Ijyb
    51 | D        | Reached skill level 1 in Stealth
    51 | D        | Killed Ijyb
    52 | D        | Reached skill level 5 in Ranged Weapons
    52 | D        | Reached XP level 2. HP: 22/27 MP: 1/1
    72 | D        | Found Zusmuele's Advanced Armour.
    72 | D        | Found Ririrgha's Jewellery.
    79 | D        | Found a corrupted altar of Lugonu.
    79 | D        | Found a bloodstained altar of Trog.
    79 | D        | Found an iron altar of Okawaru.
    86 | D        | Bought a bound granite ring for 45 gold pieces
    86 | D        | Identified the ring "Fishi" {Fire Dex+3} (You bought it in
                  | a shop in the Dungeon)
    86 | D        | Bought a bound bronze ring for 45 gold pieces
    86 | D        | Identified the ring "Zischerewn" {rElec rPois rN+ Str+6
                  | Stlth-} (You bought it in a shop in the Dungeon)
    86 | D        | Bought an ancient tin amulet for 45 gold pieces
    86 | D        | Identified the amulet of Noef {Reflect Int+5 SH+5} (You
                  | bought it in a shop in the Dungeon)
   105 | D        | Found a glowing golden altar of the Shining One.
   109 | D        | Noticed a kobold brigand
   110 | D        | Reached XP level 3. HP: 33/33 MP: 2/2
   128 | D        | Slain by a kobold brigand

Illustrated notes

Levels and vault maps discovered:
D:        arena_sprint

Skill      XL: |  1 |
---------------+----+-----
Stealth        | 2 |  2.7
Fighting       | 4 |  4.3
Ranged Weapons | 5 |  5.5
Dodging        | 3 |  3.9

Action                   || total
-------------------------++-------
Melee: Shortbow          ||     6
 Fire: Shortbow          ||    29
Evoke: Wand              ||     2
  Use: Potion            ||     4
Armor: Leather armour    ||     6
Dodge: Dodged            ||    20
Block: Other             ||     2

Table legend: (Time is in decaauts)
 A = Elapsed time spent in this place.
 B = Non-inter-level travel time spent in this place.
 C = Inter-level travel time spent in this place.
 D = Time resting spent in this place.
 E = Time spent auto-exploring this place.
 F = Levels seen in this place.
 G = Mean time per level.
                   A        B        C        D        E       F      G
               +--------+--------+--------+--------+--------+-----+--------+
         Total |    137 |    137 |      0 |      0 |     47 |   1 |  137.0 |
       Dungeon |    137 |    137 |      0 |      0 |     47 |   1 |  137.0 |
               +--------+--------+--------+--------+--------+-----+--------+

Top non-repeatable levels by time:
       D: 137 daAuts
